 Dungeon Crawl Stone Soup version 0.17.2-1-ge4368a0 (webtiles) character file.

74 Goblin1989 the Chopper (level 4, -8/35 HPs)
             Began as a Demonspawn Chaos Knight on Mar 15, 2017.
             Mangled by an orc priest
             ... wielding a +2 hand axe of electrocution
              (14 damage)
             ... on level 3 of the Dungeon.
             The game lasted 00:02:59 (1551 turns).

Goblin1989 the Chopper (Demonspawn Chaos Knight)    Turns: 1551, Time: 00:03:00

Health: -8/35      AC:  8    Str: 13    XL:     4   Next: 9%
Magic:  0/4        EV: 11    Int: 14    God:    Xom [.*....]
Gold:   150        SH:  7    Dex: 12    Spells: 0 memorised, 3 levels left

rFire  . . .     SeeInvis .     a - +0 hand axe (chaos)
rCold  . . .     Clarity  .     j - +2 ring mail {rPois}
rNeg   . . .     SustAt   .     d - +0 shield
rPois  +         Gourm    .     (no helmet)
rElec  .         Spirit   +     o - +0 cloak
rCorr  .         Warding  .     (no gloves)
rMut   .         Stasis   .     (no boots)
MR     .....                    (no amulet)
Stlth  +.........               (no ring)
                                k - +4 ring of evasion

@: not resistant to hostile enchantments, very unstealthy
A: demonic guardian 1, magic shield, magic regeneration
a: Renounce Religion


You were on level 3 of the Dungeon.
You worshipped Xom.
You were a plaything of Xom.
You were not hungry.

You visited 1 branch of the dungeon, and saw 3 of its levels.

You collected 150 gold pieces.

Inventory:

Hand Weapons
 a - a +0 hand axe of chaos (weapon)
Armour
 c - a +0 chain mail
 d - a +0 shield (worn)
 j - a +2 ring mail of poison resistance (worn)
 o - a +0 cloak (worn)
Jewellery
 k - a +4 ring of evasion (left hand)
 m - a ring of wizardry {unknown}
Scrolls
 f - a scroll of identify {unknown}
 g - 3 scrolls of remove curse {unknown}
 i - a scroll of immolation {unknown}
 l - 2 scrolls of enchant weapon {unknown}
 n - 2 scrolls of noise {unknown}
Potions
 p - a potion of curing {unknown}
Comestibles
 b - a meat ration {@e2}
 e - a bread ration {@e1}
 h - a beef jerky


   Skills:
 + Level 3.2 Fighting
 * Level 3.7 Axes
 + Level 2.4 Armour
 - Level 0.8 Dodging
 + Level 0.8 Shields


You had 3 spell levels left.
You didn't know any spells.

Dungeon Overview and Level Annotations

Branches:
Dungeon (3/15)

Altars:
Trog


Innate Abilities, Weirdness & Mutations

A weak demonic guardian rushes to your aid.
When hurt, damage is shared between your health and your magic reserves.
You regenerate magic rapidly.


Message History

Where to? (Enter - D:2, ? - help)
There is a stone staircase leading down here.
You climb downwards.
A kobold and an orc come into view.
The orc shouts!
The kobold shouts!
There is a stone staircase leading up here. 2 orcs come into view.
The orc shouts!
The kobold throws a stone.
The stone closely misses you.
An orc comes into view. It is wielding a whip.
The orc shouts!
The kobold throws a stone.
The stone barely misses you.
An orc comes into view. It is wielding a flail.
You see here a stone.
The orc shouts!
You block the orc's attack.
An adder and a rat come into view.
You hit the orc.
The orc is poisoned.
The orc is heavily wounded.
An orc priest comes into view.
It is wielding a hand axe of electrocution.
The orc priest shouts!
You hit the orc.
The orc seems to slow down.
The orc is almost dead.
You hit the orc.
The orc is moving more slowly.
The orc is heavily wounded.
You kill the orc!
You block the orc's attack.
The kobold throws a stone.
You block the stone. The orc barely misses you.
You hit the orc.
The orc is poisoned.
You catch a glimpse of the back of your own head.
The orc is heavily wounded.
You hit the orc.
The orc is severely wounded.
The orc hits you but does no damage. You block the orc's attack.
You closely miss the orc.
The orc is severely wounded.
You closely miss the kobold. You hit the orc. You drain the orc!
You kill the orc!
You have reached level 4!
You feel clever.
Your demonic ancestry asserts itself...
You feel your magic shroud grow more resilient.
The kobold closely misses you.
A crimson imp comes into view.
Health restored: 35; MP restored: 4 Your shield and ring mail prevent you from hitting the orc.
You closely miss the kobold.
The crimson imp shouts!
You block the kobold's attack.
Your iron imp closely misses the kobold.
The kobold hits you but does no damage.
You hit the orc. You freeze the orc.
You kill the orc!
You barely miss the orc. You hit the kobold but do no damage.
Your iron imp hits the kobold!
The kobold dies!
The orc hits you but does no damage.
The orc throws a tomahawk.
The tomahawk hits you but does no damage.
You hit the orc. You freeze the orc.
You kill the orc!
The rat misses you.
You hit the rat but do no damage.
The crimson imp blinks!
The rat bites you.
The orc throws a tomahawk.
The tomahawk hits your iron imp but does no damage.
You hit the rat but do no damage. The rat misses you.
The orc throws a tomahawk.
You block the tomahawk.
A giant newt comes into view.
You hit the rat.
You kill the rat!
The orc hits your iron imp but does no damage.
The orc priest completely misses you.
You completely miss the orc priest.
Your iron imp barely misses the orc.
The orc barely misses your iron imp.
Unknown command.
You hit the orc priest.
The orc priest is moderately wounded.
The orc priest closely misses you.
Your iron imp closely misses the orc.
The orc hits your iron imp but does no damage.
Unknown command.
You barely miss the orc priest.
The orc priest is moderately wounded.
The orc priest invokes the aid of Beogh against you.
Something smites you!
The orc hits your iron imp but does no damage.
Your iron imp hits the orc.
The orc priest hits you with a hand axe of electrocution.
You are electrocuted!
* * * LOW HITPOINT WARNING * * *
A shower of butterflies erupts from you!
You take 29 damage, and have 6/35 hp.
MASSIVE DAMAGE!!
You now have 0/4 mp.
You hit the orc priest. You drain the orc priest!
The orc priest is heavily wounded.
Your iron imp hits the orc.
The orc barely misses your iron imp.
The orc priest casts a cantrip, but nothing happens.
You hit the orc priest.
The orc priest is almost dead.
The orc hits your iron imp with a flail.
Your iron imp closely misses the orc.
The orc priest hits you but does no damage.
You are electrocuted!
You die...

█..............
█..............
█..............
█..........(..█
█.............█
██...b..<.b.....
......b.██......
.█......55o██...
█.....†@█.█ █
█......)oS█
█......██l█
█.....b. ..█
.......█. ...
███...█ . █...
....█ █... ...█
...


You could see an orc priest, an adder, an orc, a giant newt and 2 friendly iron
imps.

Vanquished Creatures
  An adder (D:2)
  An ooze (D:1)
  A giant gecko (D:2)
  4 orcs (D:3)
  2 giant cockroaches
  12 hobgoblins
  7 kobolds
  2 quokkas (D:2)
  5 bats
  2 giant newts
  8 goblins
  7 rats
52 creatures vanquished.

Vanquished Creatures (collateral kills)
  A kobold (D:3)
1 creature vanquished.

Grand Total: 53 creatures vanquished

Notes
Turn   | Place    | Note
--------------------------------------------------------------
     0 | D:1      | Goblin1989 the Demonspawn Chaos Knight began the quest for the Orb.
     0 | D:1      | Reached XP level 1. HP: 18/18 MP: 1/1
   109 | D:1      | XOM: harmless Air miscast
   192 | D:1      | XOM: silly message
   209 | D:1      | Gained mutation: A weak demonic guardian rushes to your aid. [demonic ancestry]
   209 | D:1      | Reached XP level 2. HP: 20/24 MP: 2/2
   845 | D:2      | Gained mutation: When hurt, damage is shared between your health and your magic reserves. [demonic ancestry]
   845 | D:2      | Reached XP level 3. HP: 29/29 MP: 3/3
   951 | D:2      | Found a bloodstained altar of Trog.
  1356 | D:2      | XOM: mild Summ miscast
  1540 | D:3      | Gained mutation: You regenerate magic rapidly. [demonic ancestry]
  1540 | D:3      | Reached XP level 4. HP: 35/35 MP: 4/4
  1549 | D:3      | XOM: butterfly on damage
  1551 | D:3      | Mangled by an orc priest

Action                   |  1- 3 |  4- 6 || total
-------------------------+-------+-------++-------
Melee: Hand axe          |   151 |    11 ||   162
 Stab: Paralysed         |     1 |       ||     1
  Eat: Chunk             |     2 |       ||     2

Vault maps used:
D:1:      scummos_arrival_checkerplants, serial_co_window_serial,
          co_window_cross_1, co_window_paths_a, co_window_of_opportunity_a,
          co_window_paths_a, co_window_of_opportunity_a, co_window_paths_b,
          co_window_paths_a, co_window_cross_1, co_window_paths_a,
          co_window_broadway_c, co_window_2corner, co_window_broadway_b,
          co_window_of_opportunity_b, glass_columns_b, glass_columns_a,
          glass_columns_b, glass_columns_a
D:2:      bloody_trog
D:3:      lemuel_zombie_altar_kikubaaqudgha, nicolae_overflow_hidden_temple,
          first_bread, nicolae_gozag_seed_capital, uniq_natasha,
          uniq_crazy_yiuf_cottage
